 Dungeon Crawl Stone Soup version 0.19-a0-994-g3c636f0 (webtiles) character file.

354 mistymad the Skirmisher (level 6, -14/50 HPs)
             Began as a Formicid Abyssal Knight on July 18, 2016.
             Was a Priest of Lugonu.
             Demolished by an ogre
             ... wielding a +0 giant spiked club
              (20 damage)
             ... on level 6 of the Dungeon.
             The game lasted 00:07:28 (5132 turns).

mistymad the Skirmisher (Formicid Abyssal Knight)   Turns: 5132, Time: 00:07:29

Health: -14/50     AC: 13    Str: 19    XL:     6   Next: 95%
Magic:  7/7        EV:  6    Int: 11    God:    Lugonu [***...]
Gold:   160        SH:  4    Dex: 10    Spells: 0 memorised, 5 levels left

rFire  . . .     SeeInvis +     a - +1 hand axe
rCold  . . .     Gourm    .     s - +0 plate armour
rNeg   + . .     Faith    .     n - +0 buckler
rPois  .         Spirit   .     (helmet unavailable)
rElec  .         Dismiss  .     (no cloak)
rCorr  .         Reflect  .     k - +0 pair of gloves
SustAt .         Harm     .     (no boots)
MR     .....                    (no amulet)
Stlth  ..........               (no ring)
                                g - ring of positive energy

@: not resistant to hostile enchantments, extremely unstealthy
A: permanent stasis, dig shafts and tunnels, four strong arms, antennae 3
a: Dig, Shaft Self, Depart the Abyss, Bend Space, Banish, Renounce Religion


You were on level 6 of the Dungeon.
You worshipped Lugonu.
Lugonu was most pleased with you.
You were not hungry.

You visited 2 branches of the dungeon, and saw 7 of its levels.
You visited the Abyss 1 time.

You collected 160 gold pieces.

Inventory:

Hand Weapons
 a - a +1 hand axe (weapon)
Armour
 k - a +0 pair of gloves (worn)
 n - a +0 buckler (worn)
 s - a +0 plate armour (worn)
Jewellery
 g - a ring of positive energy (left hand)
 A - an uncursed ring of positive energy
Scrolls
 j - a scroll of noise {unknown}
 l - 2 scrolls of teleportation {unknown}
 o - a scroll of enchant armour {unknown}
 p - a scroll of identify {unknown}
 q - 2 scrolls of blinking {unknown}
 v - a scroll of magic mapping {unknown}
 y - 2 scrolls of recharging {unknown}
 B - a scroll of amnesia {unknown}
Potions
 b - a potion of mutation {unknown}
 d - a potion of brilliance {unknown}
 e - 2 potions of cancellation {unknown}
 i - a potion of berserk rage {unknown}
 m - 2 potions of heal wounds {unknown}
 r - 2 potions of curing {unknown}
 w - a potion of might {unknown}
 z - 2 potions of lignification {unknown}
Comestibles
 c - 3 bread rations
 f - a meat ration
 h - a royal jelly
 t - a slice of pizza
 u - 2 beef jerkies
 x - 2 chunks of flesh


   Skills:
 + Level 4.9 Fighting
 + Level 3.9 Axes
 + Level 4.4 Armour
 - Level 0.8 Dodging
 + Level 2.7 Shields
 - Level 2.1 Invocations


You had 5 spell levels left.
You didn't know any spells.

Dungeon Overview and Level Annotations

Branches:
Dungeon (5/15)             Temple (1/1) D:4

Altars:
Ashenzari
Cheibriados
Dithmenos
Elyvilon
Fedhas
Gozag
Hepliaklqana
Kikubaaqudgha
Makhleb
Nemelex Xobeh
Okawaru
Pakellas
Qazlal
Sif Muna
Trog
Uskayaw
Vehumet
Xom
Yredelemnul
Zin
The Shining One

Annotations:
D:3 mistymad's ghost, amateur FoAK


Innate Abilities, Weirdness & Mutations

You are under a permanent stasis effect.
You can dig through walls and to a lower floor.
Your four strong arms can wield two-handed weapons with a shield.
You have a pair of large antennae on your head. (SInv)


Message History

The ogre hits you but does no damage.
You hit the ogre.
The ogre is moderately wounded.
The ogre barely misses you.
You hit the ogre.
The ogre is moderately wounded.
You hit the ogre.
The ogre is moderately wounded.
The ogre hits you with a giant spiked club!!
You take 24 damage, and have 26/50 hp.
MASSIVE DAMAGE!!
You hit the ogre.
The ogre is heavily wounded.
The ogre hits you with a giant spiked club!!
* * * LOW HITPOINT WARNING * * *
You take 20 damage, and have 6/50 hp.
MASSIVE DAMAGE!!
You are too injured to fight recklessly!
Your plate armour prevents you from hitting the ogre.
The ogre is heavily wounded.
The ogre hits you with a giant spiked club!!
You die...

.### ...# .....
..... #######
...... #.....#
#.....#
#.....##O.....#
#......@..#
#.....##!.#
#.....# ..#
####### .?# ..#
... #... ##.


You could see an ogre.

Vanquished Creatures
  A hound (D:4)
  A giant frog skeleton (D:4)
  2 iguanas (D:4)
  An orc wizard (D:3)
  4 worker ants (D:4)
  4 adders
  An ooze (D:4)
  An adder skeleton (D:4)
  2 worms (D:4)
  3 dart slugs (D:1)
  3 giant geckos
  7 orcs
  5 giant cockroaches
  6 goblins
  6 hobgoblins
  3 jackals (D:2)
  A quokka (D:3)
  A ball python (D:3)
  6 bats
  4 giant newts
  5 kobolds (D:3)
  6 rats
73 creatures vanquished.

Notes
Turn   | Place    | Note
-------+----------+-------------------------------------------
     0 | Abyss:1  | mistymad the Formicid Abyssal Knight began the quest for the Orb.
     0 | Abyss:1  | Reached XP level 1. HP: 18/18 MP: 2/2
    35 | Abyss:1  | Noticed a large abomination
    38 | D:1      | Escaped the Abyss
   246 | D:1      | Reached XP level 2. HP: 10/24 MP: 3/3
   911 | D:1      | Reached XP level 3. HP: 26/30 MP: 4/4
   929 | D:1      | Reached ** piety under Lugonu
  1614 | D:2      | Reached XP level 4. HP: 33/37 MP: 5/5
  2211 | D:3      | Found a basalt altar of Yredelemnul.
  2251 | D:3      | Found a radiant altar of Vehumet.
  2387 | D:3      | Noticed mistymad's ghost (amateur FoAK)
  2845 | D:3      | Found a shimmering altar of Xom.
  2849 | D:3      | Found a hide-covered altar of Uskayaw.
  2852 | D:3      | Found a shattered altar of Ashenzari.
  2855 | D:3      | Found a sparkling altar of Nemelex Xobeh.
  2908 | D:3      | Reached skill level 1 in Shields
  2908 | D:3      | Reached XP level 5. HP: 38/43 MP: 6/6
  3098 | D:3      | Found a glowing golden altar of the Shining One.
  3102 | D:3      | Noticed an angel
  3708 | D:4      | Reached *** piety under Lugonu
  4215 | D:4      | Reached XP level 6. HP: 45/49 MP: 7/7
  4216 | D:4      | Found a staircase to the Ecumenical Temple.
  4262 | Temple   | Entered the Ecumenical Temple
  4580 | D:4      | Found a shimmering altar of Xom.
  4581 | D:4      | Found a shimmering altar of Xom.
  4581 | D:4      | Found a shimmering altar of Xom.
  4582 | D:4      | Found a shimmering altar of Xom.
  4583 | D:4      | Found a shimmering altar of Xom.
  4583 | D:4      | Found a shimmering altar of Xom.
  5098 | D:5      | Entered Level 5 of the Dungeon
  5120 | D:5      | You fall through a shaft!
  5125 | D:6      | Noticed an ogre
  5132 | D:6      | Demolished by an ogre

Vault maps used:
D:1:      minmay_arrival_four_loops, st_stairs_7
D:3:      grunt_temple_overflow_holy_war, lemuel_doored_altar, minitemple,
          kennysheep_big_empty_room
D:4:      xom_redecorated
D:5:      lemuel_upstairs_altar, first_bread, uniq_eustachio
D:6:      nicolae_ru_sacrificial_ziggurat
Temple:   minmay_temple_curvy_branch
Abyss:1:  patterned_corridor

Skill      XL: |  1  2  3  4  5 |
---------------+----------------+-----
Fighting       | 4 |  4.9
Armour         | 3 4 |  4.4
Axes           | 3 |  3.9
Shields        | 1 2 |  2.7
Dodging        | |  0.8
Invocations    | |  2.1

Action                   |  1- 3 |  4- 6 || total
-------------------------+-------+-------++-------
Melee: Hand axe          |    84 |   337 ||   421
  Eat: Chunk             |     1 |     9 ||    10
       Bread ration      |       |     1 ||     1
Armor: Leather armour    |    26 |     4 ||    30
       Plate armour      |       |   210 ||   210
Dodge: Dodged            |    39 |   102 ||   141
Block: Buckler           |     2 |    47 ||    49
